 Dungeon Crawl Stone Soup version 0.24.0-2-g5b39cebb1c (webtiles) character file.

Game seed: 14440787099775431220, levelgen mode: deterministic

1538 Mrkan the Cudgeler (level 9, 0/69 HPs)
             Began as a Formicid Fighter on Oct 29, 2019.
             Was a Believer of Uskayaw.
             Slain by an ogre
             ... wielding a +0 giant spiked club
              (24 damage)
             ... on level 6 of the Dungeon.
             The game lasted 00:15:04 (5636 turns).

Mrkan the Cudgeler (Formicid Fighter)               Turns: 5636, Time: 00:15:04

Health: 0/69       AC: 12    Str: 27    XL:     9   Next: 11%
Magic:  10/10      EV:  5    Int:  8    God:    Uskayaw [**....]
Gold:   216        SH: 16    Dex: 10    Spells: 8/8 levels left

rFire    . . .     SeeInvis +   z - +2 mace (crush)
rCold    . . .     Gourm    .   B - +0 large shield
rNeg     . . .     Faith    .   a - +0 chain mail of Action {Str+3} (curse)
rPois    .         Spirit   .   (helmet unavailable)
rElec    .         Reflect  .   A - +1 cloak
rCorr    .         Harm     .   (no gloves)
MR       +....                  (no boots)
Stlth    ..........             e - amulet of regeneration
HPRegen  0.61/turn              i - ring of protection from magic
MPRegen  0.12/turn              m - ring of stealth

@: no status effects
A: permanent stasis, dig shafts and tunnels, four strong arms, antennae 3
a: Dig, Shaft Self, Stomp, Line Pass, Renounce Religion


You were on level 6 of the Dungeon.
You worshipped Uskayaw.
Uskayaw was noncommittal.
You were not hungry.

You visited 2 branches of the dungeon, and saw 7 of its levels.

You collected 216 gold pieces.

Inventory:

Hand Weapons
 y - a +2 mace of protection
 z - a +2 mace of crushing (weapon)
Armour
 a - the cursed +0 chain mail of Action (worn) {Str+3}
   (You found it on level 4 of the Dungeon)

   It affects your strength (+3).
   It has a curse placed upon it.
 A - a +1 cloak (worn)
 B - a +0 large shield (worn)
Jewellery
 e - an amulet of regeneration (around neck)
 i - a ring of protection from magic (left hand)
 m - a ring of stealth (right hand)
 t - a cursed amulet of inaccuracy {unknown}
 D - a +5 ring of evasion {unknown}
Wands
 v - a wand of flame (14)
 w - a wand of iceblast (5)
Scrolls
 g - 2 scrolls of identify
 h - 4 scrolls of remove curse
 l - 2 scrolls of magic mapping
 n - 3 scrolls of fog
 o - a scroll of random uselessness {unknown}
 p - 2 scrolls of noise
 s - 2 scrolls of fear
 u - a scroll of teleportation {unknown}
 C - a scroll of enchant weapon {unknown}
Potions
 b - a potion of brilliance {unknown}
 c - a potion of heal wounds {unknown}
 d - a potion of lignification {unknown}
 j - 2 potions of curing {unknown}
 k - 3 potions of flight {unknown}
 q - a potion of might
 r - a potion of cancellation {unknown}
 x - a potion of resistance {unknown}
Comestibles
 f - 5 rations
 E - a chunk of flesh


   Skills:
 + Level 6.1 Fighting
 * Level 7.0 Maces & Flails
 + Level 6.0 Armour
 + Level 6.8 Shields
 + Level 1.5 Invocations


You had 8 spell levels left.
You didn't know any spells.
Your spell library contained the following spells:

 Spells                   Type           Power        Failure   Level  Hunger
 Animate Skeleton         Necr           N/A          100%        1    ##.....
 Apportation              Tloc           #.....       100%        1    ##.....
 Confusing Touch          Hex            #.....       100%        1    ##.....
 Magic Dart               Conj           #...         100%        1    ##.....
 Summon Small Mammal      Summ           #...         100%        1    ##.....
 Call Imp                 Summ           #.......     100%        2    ###....
 Slow                     Hex            #.......     100%        2    ###....
 Confuse                  Hex            #.......     100%        3    ####...
 Conjure Flame            Conj/Fire      #.......     100%        3    ####...
 Gell's Gravitas          Tloc           #.........   100%        3    ####...
 Mephitic Cloud           Conj/Pois/Air  #.......     100%        3    ####...
 Petrify                  Tmut/Erth      #.......     100%        4    #####..
 Metabolic Englaciation   Hex/Ice        #.........   100%        5    ######.
 Yara's Violent Unravell  Hex/Tmut       #.........   100%        5    ######.
 Blink                    Tloc           Unusable     N/A         2    N/A

Dungeon Overview and Level Annotations

Branches:
Dungeon (6/15)             Temple (1/1) D:5

Altars:
Ashenzari
Dithmenos
Elyvilon
Fedhas
Gozag
Makhleb
Nemelex Xobeh
Okawaru
Qazlal
Ru
Trog
Uskayaw
Vehumet
Wu Jian
Xom
Yredelemnul
Zin
The Shining One


Innate Abilities, Weirdness & Mutations

You cannot be hasted, slowed, berserked, paralysed or teleported.
You can dig through walls and to a lower floor.
Your four strong arms can wield two-handed weapons with a shield.
You have a pair of large antennae on your head. (SInv)


Message History

The ogre moves out of view.
A giant cockroach comes into view.
Found a club.
The giant cockroach bites you but does no damage.
The ogre hits you with a +0 giant spiked club!!
Found 13 gold pieces, a scroll of remove curse and a scroll labeled CUGHENNABI.
You hit the giant cockroach.
You kill the giant cockroach!
You hit the ogre.
The ogre is moderately wounded.
The ogre hits you with a +0 giant spiked club!!
You hit the ogre.
The ogre is heavily wounded.
The ogre hits you with a +0 giant spiked club!
You can now pass through a line of other dancers.
Okay, then.
Your shield and chain mail of Action prevent you from hitting the ogre.
The ogre is heavily wounded.
The ogre hits you with a +0 giant spiked club!!
You die...

#.........#.⌠
#..........#
#..........##
##.....).....#
+.............
#$..........#
#.# { #O#
#@#########
#..........
#..########
######.#####
............#
####.######.#
# #......#
#.####.# #.#


You could see an ogre.

Vanquished Creatures
  A sky beast (D:5)
  2 ogres
  A centaur (D:6)
  2 bullfrogs
  A scorpion (D:6)
  A centaur zombie (D:5)
  3 crimson imps
  A bullfrog zombie (D:5)
  3 hounds
  Crazy Yiuf (D:3)
  An orc priest (D:4)
  2 jellies (D:5)
  4 orc wizards
  Ijyb (D:3)
  Terence (D:3)
  3 iguanas
  3 worker ants
  5 gnolls
  10 adders
  2 shadow imps (D:5)
  An ooze (D:2)
  An adder zombie (D:5)
  An adder skeleton (D:6)
  3 worms
  2 dart slugs
  8 leopard geckos
  19 orcs
  4 bats
  5 giant cockroaches
  14 hobgoblins
  17 jackals
  8 kobolds
  2 quokkas
  6 ball pythons
  8 frilled lizards
  7 goblins
  5 rats
159 creatures vanquished.

Vanquished Creatures (others)
  An orc wizard (D:6)
1 creature vanquished.

Grand Total: 160 creatures vanquished

Notes
Turn   | Place    | Note
-------+----------+-------------------------------------------
     0 | D:1      | Mrkan the Formicid Fighter began the quest for the Orb.
     0 | D:1      | Reached XP level 1. HP: 18/18 MP: 1/1
    55 | D:1      | Reached XP level 2. HP: 20/24 MP: 2/2
   169 | D:1      | Reached XP level 3. HP: 26/29 MP: 3/3
   766 | D:2      | Noticed an ogre
   772 | D:2      | Killed an ogre
   772 | D:2      | Reached skill level 3 in Maces & Flails
   772 | D:2      | Reached XP level 4. HP: 22/37 MP: 4/4
   772 | D:2      | Reached XP level 5. HP: 25/42 MP: 5/5
  1537 | D:2      | Found a faded altar of an unknown god.
  1826 | D:2      | Found a shadowy altar of Dithmenos.
  1917 | D:2      | Reached skill level 4 in Maces & Flails
  1917 | D:2      | Reached XP level 6. HP: 48/48 MP: 6/6
  2134 | D:3      | Noticed Terence
  2173 | D:3      | Killed Terence
  2939 | D:3      | Reached skill level 5 in Shields
  3011 | D:3      | Found a glowing golden altar of the Shining One.
  3072 | D:3      | Noticed Ijyb
  3081 | D:3      | Killed Ijyb
  3085 | D:3      | Reached XP level 7. HP: 46/55 MP: 7/7
  3532 | D:3      | Found a runed translucent door.
  3533 | D:3      | Noticed Crazy Yiuf
  3543 | D:3      | Killed Crazy Yiuf
  3622 | D:3      | Reached skill level 5 in Maces & Flails
  3668 | D:4      | Reached skill level 5 in Fighting
  3809 | D:4      | Reached skill level 5 in Armour
  3888 | D:4      | Got a polished chain mail
  3893 | D:4      | Identified the cursed +0 chain mail of Action {Str+3} (You
                  | found it on level 4 of the Dungeon)
  4267 | D:5      | Entered Level 5 of the Dungeon
  4303 | D:5      | Reached XP level 8. HP: 22/62 MP: 8/8
  4517 | D:5      | Reached skill level 6 in Maces & Flails
  4751 | D:5      | Found a staircase to the Ecumenical Temple.
  4786 | Temple   | Entered the Ecumenical Temple
  4956 | Temple   | Became a worshipper of Uskayaw the Reveler
  5055 | D:5      | Reached * piety under Uskayaw
  5427 | D:6      | Reached ** piety under Uskayaw
  5435 | D:6      | Reached skill level 1 in Invocations
  5435 | D:6      | Reached XP level 9. HP: 69/69 MP: 9/9
  5435 | D:6      | Reached *** piety under Uskayaw
  5551 | D:6      | Reached skill level 7 in Maces & Flails
  5636 | D:6      | Slain by an ogre

Levels and vault maps discovered:
D:1:      minmay_arrival_shattered_statue, layout_rooms, minmay_pentomino_p4
D:2:      layout_basic, nicolae_dithmenos_shadow_blocks,
          chequers_ecumenical_altar_island, kennysheep_generic_room_4
D:3:      layout_rooms, nicolae_tso_swordbearing_angel, uniq_crazy_yiuf_cottage,
          uniq_ijyb, uniq_terence
D:4:      layout_rooms
D:5:      layout_loops_ring, minmay_temple_entry_nine_rooms, first_ration
D:6:      layout_basic, cheibrodos_sewer_entry_drain, grunt_decor_mini_mirrors,
          roderic_lattice_a, kennysheep_decorative_pillar, uniq_duvessa,
          uniq_pikel
Temple:   eino_temple_scatter_basement

Skill      XL: |  1  2  3  4  5  6  7  8  9 |
---------------+----------------------------+-----
Shields        | 4 5 6 |  6.8
Fighting       | 4 5 6 |  6.1
Maces & Flails | 3 4 5 6 7 |  7.0
Armour         | 4 5 6 |  6.0
Invocations    | 1 |  1.5

Action                   |  1- 3 |  4- 6 |  7- 9 || total
-------------------------+-------+-------+-------++-------
Melee: Flail             |   119 |   220 |    87 ||   426
       Mace              |       |       |   220 ||   220
  Use: Potion            |       |     1 |       ||     1
       Scroll            |       |       |     8 ||     8
 Stab: Paralysed         |       |       |     3 ||     3
  Eat: Chunk             |       |     6 |     7 ||    13
       Ration            |       |     1 |       ||     1
Armor: Scale mail        |    84 |   124 |    71 ||   279
       Chain mail        |       |       |    79 ||    79
Dodge: Dodged            |    54 |    95 |   100 ||   249
Block: Shield            |    94 |   162 |   157 ||   413
       Large shield      |       |       |    73 ||    73
